Map: Dusk Towers

Players

MorN

  • Race: Terran Terran
  • League: Master

Apocalypse - Winner!

  • Race: Protoss Protoss
  • League: Master

VOD

Have the link to the VOD?

Description

Time

  • Played on: Dec. 2, 2015, 2:21 p.m.
  • Length: 16:22
Show
View Real Time Build Order
Export as new Build Order

MorN Terran 

Build Orders: Cyclone Opening, MMM Bio 

Get SALT Encoding   

  12  0:02  SCV  
  13  0:14  SCV  
  14  0:18  Supply Depot  
  14  0:26  SCV  
  15  0:40  SCV  
  15  0:41  Barracks  
  16  0:46  Refinery  
  16  0:52  SCV  
  17  1:04  SCV  
  18  1:16  SCV  
  19  1:29  Marine, Orbital Command  
  20  1:42  Command Center  
  20  1:52  Factory  
  20  1:54  Marine  
  20  1:57  SCV  
  22  2:16  SCV  
  22  2:17  Supply Depot  
  23  2:38  SCV, Marine  
  23  2:39  Factory Tech Lab, Barracks  
  25  2:50  SCV  
  26  2:54  Orbital Command  
  26  2:56  Marine  
  27  2:59  Cyclone  
  27  3:03  SCV  
  31  3:14  Marine  
  32  3:26  SCV  
  32  3:31  Refinery  
  32  3:32  Engineering Bay  
  32  3:34  Barracks  
  32  3:36  Marine  
  32  3:38  Factory Reactor  
  33  3:42  SCV  
  33  3:46  SCV  
  35  3:49  Stimpack  
  35  3:54  SCV  
  36  3:59  Command Center  
  36  4:02  SCV  
  37  4:03  Refinery  
  37  4:06  SCV, Barracks Tech Lab  
  37  4:08  Refinery  
  38  4:10  Supply Depot  
  38  4:14  SCV  
  39  4:18  SCV  
  39  4:21  Terran Infantry Weapons Level 1  
  40  4:26  SCV  
  40  4:30  SCV  
  42  4:34  Factory Reactor  
  42  4:36  Marine x4  
  42  4:37  Starport  
  42  4:38  SCV  
  47  4:42  SCV  
  47  4:44  Supply Depot  
  48  4:50  SCV  
  49  4:54  SCV  
  49  4:57  Marauder x2  
  49  4:59  Combat Shields  
  54  5:05  Marine x2  
  54  5:06  SCV  
  57  5:09  SCV  
  57  5:12  Orbital Command  
  58  5:18  SCV  
  59  5:26  Medivac  
  59  5:27  Medivac  
  59  5:28  Marauder, Marine x2  
  66  5:31  SCV x2  
  66  5:35  Missile Turret  
  69  5:39  Orbital Command  
  69  5:40  Marine  
  69  5:41  Supply Depot  
  70  5:43  SCV  
  70  5:44  Factory Reactor  
  73  5:50  Marauder  
  73  5:51  Marine  
  73  5:59  Marauder  
  74  6:07  Marine  
  74  6:08  Medivac x2  
  74  6:10  SCV  
  74  6:11  SCV x2  
  82  6:15  Supply Depot, Terran Infantry Armor Level 1  
  82  6:18  Engineering Bay  
  82  6:19  Armory  
  82  6:22  SCV  
  83  6:27  Marine  
  83  6:28  Marine  
  85  6:36  Marauder, Supply Depot, Marine, SCV, Widow Mine x2  
  93  6:44  Supply Depot  
  93  6:57  Medivac x2, Marine x2  
  93  6:58  SCV x2  
  100  7:05  Widow Mine  
  100  7:06  Marauder x2, Widow Mine  
  100  7:07  Terran Infantry Weapons Level 2  
  100  7:08  Terran Vehicle Weapons Level 1  
  108  7:09  SCV  
  108  7:13  Supply Depot, SCV  
  108  7:14  SCV  
  108  7:15  Marine  
  105  7:17  Liberator  
  105  7:21  SCV  
  107  7:25  SCV  
  107  7:26  SCV  
  107  7:27  Supply Depot  
  109  7:31  Liberator  
  109  7:32  Supply Depot  
  109  7:34  SCV, Widow Mine  
  109  7:35  Marauder  
  117  7:37  Refinery  
  117  7:38  Refinery  
  117  7:49  SCV  
  117  7:50  Marine x2  
  117  7:51  Marauder  
  125  7:55  SCV x2, Barracks  
  125  7:56  Barracks, Marauder  
  125  7:58  Supply Depot x2  
  128  8:08  Marine x2  
  128  8:11  Marine  
  131  8:14  Liberator  
  131  8:17  Marine  
  123  8:30  Marauder, Widow Mine x2, Marine x2  
  123  8:31  Medivac  
  135  8:35  Marine  
  135  8:43  Barracks Tech Lab  
  135  8:44  Barracks Reactor, Supply Depot x2, Liberator  
  135  8:51  Marauder  
  137  8:56  Marine  
  137  8:57  Liberator, Marine x2  
  142  9:03  Marine  
  142  9:09  Barracks x2  
  143  9:10  Barracks  
  143  9:11  Terran Infantry Armor Level 2  
  143  9:12  SCV  
  143  9:13  SCV, Marauder  
  143  9:14  Marine x2  
  143  9:15  Marauder  
  143  9:16  Supply Depot  
  143  9:17  Supply Depot  
  154  9:18  Widow Mine x2  
  154  9:21  Marine  
  159  9:27  Liberator  
  159  9:32  Marine  
  159  9:34  Marauder  
  149  9:43  Marauder, Marine x2  
  146  9:49  Marine x2  
  135  9:55  Marauder  
  137  10:00  Barracks Tech Lab x2, Concussive Shells  
  137  10:01  Barracks Reactor  
  137  10:05  Marine x2  
  139  10:12  Marine x2  
  139  10:13  Marauder, Marine  
  144  10:14  Terran Infantry Weapons Level 3  
  144  10:19  Marine x2  
  144  10:20  Marauder  
  137  10:23  Marine x2  
  139  10:31  Marauder  
  139  10:33  Marine x2  
  139  10:34  Marine  
  138  10:37  Marine x2  
  138  10:39  Marine x2  
  138  10:41  Marauder  
  139  10:50  Marine x2  
  139  10:52  Marauder x2  
  139  10:54  Marine x2  
  139  10:55  Marine  
  139  10:56  Marauder  
  150  10:57  Marine x2  
  150  11:03  Marauder  
  153  11:08  Marine x2  
  153  11:12  Marine  
  153  11:13  Marauder  
  153  11:14  Liberator x2, Marauder x2  
  153  11:17  Marauder  
  153  11:18  Command Center x2, Marine x3  
  163  11:19  Command Center  
  163  11:24  Marauder  
  167  11:32  Marine x2  
  175  11:35  Marauder x3  
  180  11:48  Marine  
  181  11:55  Supply Depot  
  181  11:57  Supply Depot, Liberator  
  181  11:58  Supply Depot, Marauder, Marine x2  
  181  12:00  Liberator  
  181  12:04  Marauder  
  168  12:08  Marine  
  168  12:09  Marauder, Marine x2  
  168  12:12  Widow Mine x2, Marine x2  
  168  12:13  Marauder  
  181  12:28  Marine x2  
  181  12:29  Marauder, Marine  
  176  12:39  Liberator  
  176  12:40  Marauder, Marine x2  
  180  12:51  Planetary Fortress, Orbital Command x2  
  166  12:54  Marine x3  
  166  12:56  Marine x2  
  166  12:57  Marauder  
  158  13:05  Marine x2  
  145  13:06  Marauder  
  145  13:09  Marine x2  
  139  13:15  Marauder  
  139  13:17  Marine x3  
  139  13:18  Marauder  
  139  13:19  Marine  
  149  13:27  Marauder  
  149  13:28  Marine x2, Marauder x2  
  149  13:31  Medivac  
  157  13:35  Marine x2  
  157  13:36  Marauder  
  157  13:40  Marauder  
  163  13:47  Marine x2, Liberator x2  
  163  13:48  Marauder, Marine  
  166  13:49  Marauder x2  
  140  14:01  Marine x3  
  140  14:02  Marauder x2  
  136  14:09  Marine x2  
  144  14:10  Marauder  
  144  14:11  Marauder  
  144  14:12  Marauder  
  148  14:23  Marine x3  
  151  14:33  Liberator  
  151  14:34  Orbital Command  
  151  14:36  Ghost Academy  
  151  14:37  Refinery  
  151  14:40  Marine x3  
  151  14:41  Marauder x2  
  151  14:43  Marine  
  151  14:44  Marauder, Marine x2  
  151  14:45  Marauder  
  152  15:10  Marine x3  
  152  15:11  Marauder x4, Marine x3  
  152  15:12  Marauder  
  141  15:25  Widow Mine x2  
  141  15:28  Marine x3  
  144  15:29  Marine x3  
  144  15:31  Orbital Command  
  144  15:32  Marauder x3  
  140  15:36  Marine x2  
  135  15:45  Marine  
  135  15:46  Marine x2  
  135  15:54  Marauder  
Show
View Real Time Build Order
Export as new Build Order

Apocalypse Protoss - Winner!

Build Orders: 1 Gate Expand 

Get SALT Encoding   

  12  0:01  Probe (Chrono Boost)  
  13  0:11  Probe (Chrono Boost)  
  14  0:17  Pylon  
  14  0:22  Probe (Chrono Boost)  
  15  0:35  Probe (Chrono Boost)  
  16  0:37  Gateway  
  16  0:42  Assimilator  
  16  0:46  Probe (Chrono Boost)  
  17  0:56  Probe (Chrono Boost)  
  18  1:07  Probe (Chrono Boost)  
  19  1:17  Probe (Chrono Boost)  
  20  1:24  Nexus  
  20  1:28  Probe (Chrono Boost)  
  21  1:37  Cybernetics Core  
  21  1:39  Probe (Chrono Boost)  
  22  1:47  Pylon  
  22  1:50  Probe (Chrono Boost)  
  23  1:54  Assimilator  
  23  2:05  Probe (Chrono Boost)  
  24  2:13  Adept, Warp Gate  
  26  2:21  Mothership Core (Chrono Boost)  
  28  2:29  Forge  
  28  2:36  Probe (Chrono Boost)  
  29  2:39  Probe (Chrono Boost)  
  29  2:40  Adept  
  32  2:46  Probe (Chrono Boost)  
  32  2:50  Probe (Chrono Boost)  
  34  2:56  Probe (Chrono Boost)  
  35  3:00  Probe (Chrono Boost)  
  35  3:02  Protoss Ground Armor Level 1 (Chrono Boost)  
  36  3:06  Probe  
  36  3:08  Adept  
  36  3:12  Probe  
  40  3:17  Probe  
  40  3:19  Robotics Facility  
  41  3:24  Probe  
  40  3:28  Probe  
  41  3:35  Adept  
  41  3:36  Probe  
  41  3:37  Pylon  
  41  3:39  Probe  
  45  3:48  Probe  
  46  3:54  Probe  
  47  3:56  Gateway  
  47  3:58  Gateway  
  47  4:00  Probe  
  50  4:04  Probe  
  50  4:07  Warp Prism  
  51  4:12  Probe  
  51  4:13  Assimilator  
  51  4:14  Assimilator  
  51  4:15  Probe  
  53  4:24  Probe  
  53  4:27  Pylon  
  53  4:31  Protoss Ground Weapons Level 1 (Chrono Boost)  
  54  4:33  Nexus  
  54  4:36  Pylon  
  54  4:44  Probe  
  54  4:45  Probe  
  56  4:46  Sentry  
  59  4:53  Observer (Chrono Boost)  
  59  4:58  Probe x2  
  61  5:05  Sentry x2  
  65  5:10  Probe x2  
  67  5:18  Stalker  
  69  5:22  Probe  
  70  5:30  Pylon  
  70  5:32  Pylon  
  70  5:38  Twilight Council  
  70  5:43  Gateway  
  70  5:44  Probe x2  
  70  5:45  Immortal (Chrono Boost)  
  70  5:46  Gateway, Pylon, Probe  
  70  5:49  Pylon  
  77  5:56  Probe x2  
  79  5:58  Probe  
  79  6:02  Assimilator  
  79  6:03  Assimilator  
  80  6:06  Pylon  
  80  6:08  Sentry x3, Gateway, Probe x2  
  80  6:09  Gateway  
  88  6:12  Pylon  
  88  6:15  Probe  
  89  6:19  Immortal (Chrono Boost)  
  89  6:21  Probe  
  89  6:23  Protoss Ground Armor Level 2  
  89  6:24  Probe  
  95  6:26  Probe  
  96  6:33  Stalker, Probe  
  96  6:34  Stalker x2  
  96  6:36  Probe  
  96  6:39  Resonating Glaives (Chrono Boost)  
  104  6:44  Probe  
  104  6:46  Templar Archives, Probe  
  106  6:54  Sentry x2  
  108  7:05  Adept x5  
  108  7:07  Probe x2  
  120  7:27  Immortal, Nexus  
  120  7:29  Stalker, Pylon  
  126  7:31  Pylon  
  126  7:32  Stalker  
  126  7:33  Pylon  
  128  7:42  Stalker x2  
  132  7:48  Pylon  
  132  7:53  Photon Cannon  
  132  7:55  Adept x4, Pylon  
  140  8:01  Probe  
  141  8:07  Psionic Storm  
  141  8:09  Blink (Chrono Boost)  
  141  8:21  Protoss Ground Armor Level 3  
  141  8:22  Probe x2  
  141  8:25  Pylon  
  136  8:27  Adept x3  
  136  8:28  Adept  
  144  8:38  Probe x2  
  146  8:51  Probe x2  
  146  8:55  Stalker x2, Assimilator  
  148  8:56  Stalker  
  148  8:57  Zealot x4, Assimilator  
  162  9:03  Immortal  
  162  9:09  Photon Cannon  
  166  9:14  Photon Cannon  
  166  9:15  Photon Cannon  
  166  9:23  Forge  
  166  9:27  Gateway  
  166  9:29  High Templar x3  
  166  9:30  High Templar  
  154  9:51  Observer  
  144  9:54  Charge (Chrono Boost)  
  144  9:57  Probe  
  144  9:58  Probe x2  
  144  9:59  Stalker x2  
  149  10:00  Stalker  
  149  10:05  Sentry x4  
  159  10:18  Probe  
  159  10:20  Probe x2  
  160  10:24  Photon Cannon  
  160  10:25  Photon Cannon  
  160  10:27  Gateway  
  158  10:29  Gateway  
  158  10:32  Gateway  
  146  10:41  Protoss Ground Weapons Level 2 (Chrono Boost)  
  142  10:47  Immortal  
  144  10:51  Stalker x5  
  144  10:52  Stalker x2  
  144  10:54  Protoss Shields Level 1 (Chrono Boost)  
  156  11:21  Immortal  
  156  11:30  Zealot x7  
  156  11:32  Zealot  
  176  11:41  Pylon  
  176  11:42  Pylon  
  170  11:50  Adept x2  
  170  11:51  Adept x3  
  164  12:09  Zealot  
  164  12:10  Zealot x6  
  164  12:11  Zealot x4  
  170  12:29  Nexus  
  148  12:30  Zealot, Pylon  
  148  12:31  Pylon, Zealot x8  
  148  12:35  Adept x2  
  156  12:55  Archon  
  156  12:56  Archon  
  142  13:05  Adept x11  
  138  13:24  Protoss Ground Weapons Level 3 (Chrono Boost), Protoss Shields Level 2 (Chrono Boost)  
  138  13:26  High Templar  
  140  13:27  High Templar x10  
  140  13:30  Archon  
  140  13:31  Archon x4  
  160  13:35  Warp Prism  
  160  13:40  Gateway  
  135  14:00  Stalker x9  
  151  14:09  Probe x3  
  154  14:13  High Templar x2, Assimilator  
  154  14:16  Assimilator  
  158  14:20  Dark Shrine  
  158  14:23  Archon  
  158  14:24  High Templar x5  
  158  14:25  High Templar  
  158  14:26  High Templar x2  
  158  14:27  Observer  
  158  14:28  Archon x2  
  158  14:30  Archon  
  175  14:32  Archon  
  175  14:57  Adept x2  
  175  14:58  Adept x9  
  169  15:15  Probe x3  
  168  15:27  Zealot x6  
  168  15:28  Zealot x5  
  150  15:53  Dark Templar x5  
  150  15:54  Dark Templar, Zealot x2  
  150  15:55  Zealot x3  
  160  16:19  Stalker x5  
Tags
 
Add a new tag
Caveats
  • Supply blocks, unpowered buildings, or Contaminate may cause inaccurate times.
  • Supply counts are checked every 10 seconds.